 Dungeon Crawl Stone Soup version 0.18.1-48-g4cf74bf (webtiles) character file.

36005 senseless the Warrior (level 13, -18/126 HPs)
             Began as a Minotaur Fighter on July 23, 2016.
             Was the Champion of Cheibriados.
             Killed from afar by a fire giant (39 damage)
             ... with a fireball
             ... on level 15 of the Dungeon on July 25, 2016.
             The game lasted 00:56:52 (11852 turns).

senseless the Warrior (Minotaur Fighter)           Turns: 11852, Time: 00:56:53

Health: -18/126    AC: 24    Str: 46    XL:     13   Next: 50%
Magic:  23/23      EV:  9    Int: 22    God:    Cheibriados [******]
Gold:   394        SH: 21    Dex: 32    Spells: 0 memorised, 27 levels left

rFire  x . .     SeeInvis +     y - +4 war axe of Pilid {drain, rN+}
rCold  . . .     Gourm    .     G - +3 chain mail "Muicw" {rF- rN++ Str+2 Dex+4}
rNeg   + + +     Faith    .     c - +1 shield
rPois  .         Spirit   .     I - +3 crown of Dyrovepreva {rElec Int+2 SInv}
rElec  +         Dismiss  .     A - +1 cloak
rCorr  .         Reflect  +     p - +1 pair of gloves
SustAt .         Harm     .     J - +0 pair of boots
MR     +....     Clarity  +     h - +3 amulet of reflection
Stlth  ..........               T - ring "Carucovvat" {MR+ Str+4}
                                l - +4 ring of strength

@: very slow, somewhat resistant to hostile enchantments, extremely unstealthy
A: retaliatory headbutt, horns 2, camouflage 1, berserk 1, clarity, dopey 1,
mutation resistance 1, no device heal 1
a: Bend Time, Temporal Distortion, Slouch, Step From Time, Renounce Religion


You were on level 15 of the Dungeon.
You worshipped Cheibriados.
Cheibriados was exalted by your worship.
You were not hungry.

You visited 1 branch of the dungeon, and saw 15 of its levels.
You also visited: Sewer.

You collected 890 gold pieces.
You spent 496 gold pieces at shops.

Inventory:

Hand Weapons
 y - the +4 war axe of Pilid (weapon) {drain, rN+}
   (You found it on level 5 of the Dungeon)

   A truly terrible weapon, it drains the life of those it strikes.
   It protects you from negative energy.
 U - a +3 war axe
Armour
 c - a +1 shield (worn)
 p - a +1 pair of gloves (worn)
 A - a +1 cloak (worn)
 E - a +0 buckler of positive energy
 G - the +3 chain mail "Muicw" (worn) {rF- rN++ Str+2 Dex+4}
   (You found it on level 5 of the Dungeon)

   It affects your strength (+2).
   It affects your dexterity (+4).
   It makes you vulnerable to fire.
   It greatly protects you from negative energy.
 I - the +3 crown of Dyrovepreva (worn) {rElec Int+2 SInv}
   (You bought it in a shop on level 14 of the Dungeon)

   It affects your intelligence (+2).
   It insulates you from electricity.
   It lets you see invisible.
 J - a +0 pair of boots (worn)
Jewellery
 h - a +3 amulet of reflection (around neck)
 l - a +4 ring of strength (left hand)
 n - an uncursed ring of magical power
 r - an uncursed ring of magical power
 w - an uncursed ring of fire
 K - a +4 ring of intelligence
 L - an uncursed ring of sustain attributes
 P - an uncursed ring of poison resistance
 T - the ring "Carucovvat" (right hand) {MR+ Str+4}
   (You found it on level 10 of the Dungeon)

   [ring of strength]

   It affects your strength (+4).
   It affects your resistance to hostile enchantments.
 V - an uncursed ring of protection from magic
 Z - a +2 ring of evasion
Wands
 q - a wand of iceblast (7/15)
Scrolls
 a - a scroll of amnesia {unknown}
 b - 4 scrolls of magic mapping
 e - 7 scrolls of remove curse
 j - 2 scrolls of enchant weapon
 o - 5 scrolls of teleportation
 F - 2 scrolls of recharging
Potions
 d - 5 potions of might
 i - 5 potions of curing
 m - 7 potions of flight
 t - 2 potions of heal wounds
 v - a potion of cancellation
 z - 2 potions of resistance
 B - 4 potions of degeneration {unknown}
 C - a potion of magic {unknown}
 D - 3 potions of invisibility
 N - a potion of cure mutation {unknown}
 Q - a potion of lignification {unknown}
 W - a potion of brilliance {unknown}
 X - a potion of berserk rage {unknown}
Books
 g - a book of Conjurations

   Spells                             Type                      Level
   a - Magic Dart                     Conjuration                  1
   b - Searing Ray                    Conjuration                  2
   c - Dazzling Spray                 Conjuration/Hexes            3
   d - Fulminant Prism                Conjuration/Hexes            4
   e - Iskenderun's Mystic Blast      Conjuration                  4
   f - Iskenderun's Battlesphere      Conjuration/Charms           5
Comestibles
 f - 10 bread rations
 k - 9 meat rations
 s - 3 royal jellies
 u - 7 slices of pizza
 H - 2 beef jerkies
 M - 18 fruits


   Skills:
 * Level 15.1 Fighting
 + Level 11.2 Axes
 + Level 11.6 Armour
 - Level 0.2 Dodging
 + Level 12.1 Shields
 * Level 7.7 Spellcasting


You had 27 spell levels left.
You didn't know any spells.

Dungeon Overview and Level Annotations

Branches:
Dungeon (15/15)            Temple (0/1) D:7            Lair (0/8) D:9
    Orc (0/2) D:11         Vaults (0/5) D:14         Depths (0/5) D:15

Altars:
Cheibriados
Dithmenos
Kikubaaqudgha
Ru
Trog
Yredelemnul
The Shining One

Shops:
D:5 :   D:14 [


Innate Abilities, Weirdness & Mutations

You reflexively headbutt those who attack you in melee.
You have a pair of horns on your head.
Your skin changes colour to match your surroundings (Stealth).
You tend to lose your temper in combat.
You possess an exceptional clarity of mind.
You are dopey. (Int -2)
You are somewhat resistant to further mutation.
Potions and wands are less effective at restoring your health.


Message History

Unknown command.
Found a stone staircase leading up.
The fire giant shouts!
The fire giant gestures at you while chanting.
The fireball explodes!
The fireball engulfs you! The fire burns you terribly!
An orc priest comes into view. It is wielding a flail.
The orc priest shouts!
You hear a shout!
The fire giant gestures at you while chanting.
The bolt of fire hits you! The fire burns you terribly!
Ouch! That really hurt!
* * * LOW HITPOINT WARNING * * *
You feel much better.
You start resting.
The fire giant hits you with a great sword of flaming!
* * * LOW HITPOINT WARNING * * *
The fire giant burns you.
* * * LOW HITPOINT WARNING * * *
The fire giant gestures at you while chanting.
The fireball explodes!
The fireball engulfs you! The fire burns you terribly!
You die...

## .# #######.#.#
#.(.....#.# ##)######
.# #
####.......##.##....
#..........Co..<.#
.....##.(####@##.......
...# #.(# #.# ###.C..
.. #.(# #.# ..≈ #(.#
#.# #...≈§≈...≈≈ #..#
#.# ...#≈..>..§ #..#
#.# #..§≈≈...§≈ #..#
#.# #..≈≈≈≈C≈≈≈
#..####..# #.#
#...#≈≈≈≈≈# #....†.<.#
#.# #....≈≈#≈≈.


You could see a fire giant and an orc priest.

Vanquished Creatures
  4 vault guards (D:14)
  2 hydras
  A tengu warrior (D:14)
  3 unseen horrors
  A wizard (D:12)
  4 hill giants
  An orc knight (D:15)
  2 manticores
  13 ugly things
  A cyclops (D:14)
  An elephant (D:9)
  3 gargoyles
  A tengu conjurer (D:14)
  2 two-headed ogres
  3 trolls
  A blink frog (shapeshifter) (D:14)
  Sigmund (D:6)
  3 shadows
  2 wraiths
  A wyvern (D:14)
  Eustachio (D:6)
  The ghost of ThereIsNoGod the Chopper, an amateur MiFi (D:3)
  19 yaks
  2 hungry ghosts
  4 hippogriffs
  A redback simulacrum (D:15)
  A warg (D:15)
  14 vampire mosquitoes
  2 mottled dragons
  2 soldier ants (D:13)
  2 water moccasins
  2 black bears
  2 sky beasts
  5 orc warriors
  2 phantoms
  14 ice beasts
  7 ogres
  A necrophage (D:10)
  3 centaurs (D:8)
  2 crocodiles (D:9)
  12 giant frogs
  6 big kobolds
  A wyvern skeleton (D:11)
  4 scorpions
  2 killer bees (D:13)
  4 wights (D:13)
  2 howler monkeys (D:13)
  5 crimson imps
  7 jellies
  3 centaur zombies
  6 hounds
  2 quasits
  2 giant frog zombies
  5 orc priests
  Crazy Yiuf (D:4)
  5 giant frog skeletons
  16 orc wizards
  8 centaur skeletons
  2 iguanas
  7 worker ants
  2 sheep (D:9)
  A hound zombie (D:8)
  2 hound skeletons
  A howler monkey skeleton (D:5)
  3 gnolls (D:9)
  16 adders
  2 shadow imps
  5 oozes
  An adder skeleton (D:8)
  2 adder zombies (D:6)
  10 worms
  A dart slug (D:3)
  5 giant geckos
  40 orcs
  2 ball pythons (Sewer)
  15 bats
  8 giant cockroaches
  6 goblins
  5 hobgoblins
  12 jackals
  22 kobolds
  A quokka (D:2)
  A giant gecko skeleton (D:5)
  8 giant newts
  A jackal skeleton (D:5)
  4 rats
  A plant (D:2)
414 creatures vanquished.

Vanquished Creatures (others)
  A centaur warrior (D:15)
  A cyclops (D:14)
  A human (D:3)
  3 centaurs
6 creatures vanquished.

Grand Total: 420 creatures vanquished

Notes
Turn   | Place    | Note
--------------------------------------------------------------
     0 | D:1      | senseless the Minotaur Fighter began the quest for the Orb.
     0 | D:1      | Reached XP level 1. HP: 19/19 MP: 0/0
   129 | D:1      | Reached XP level 2. HP: 25/27 MP: 1/1
   557 | D:2      | Reached skill level 4 in Fighting
   780 | D:2      | Reached XP level 3. HP: 33/33 MP: 2/2
  1423 | D:2      | Reached XP level 4. HP: 40/41 MP: 3/3
  1469 | D:3      | Found an ancient bone altar of Kikubaaqudgha.
  1470 | D:3      | Noticed a human
  1472 | D:3      | Killed a human
  1501 | D:3      | Noticed ThereIsNoGod's ghost (amateur MiFi)
  1513 | D:3      | Killed ThereIsNoGod's ghost
  1513 | D:3      | Reached skill level 5 in Fighting
  1513 | D:3      | Reached XP level 5. HP: 25/48 MP: 4/4
  1849 | D:3      | Reached skill level 5 in Shields
  1849 | D:3      | Reached XP level 6. HP: 57/57 MP: 5/5
  2123 | D:3      | Found a shadowy altar of Dithmenos.
  2134 | D:3      | Found an ancient bone altar of Kikubaaqudgha.
  2337 | D:4      | Noticed Crazy Yiuf
  2348 | D:4      | Killed Crazy Yiuf
  2348 | D:4      | Reached skill level 5 in Armour
  2515 | D:4      | Found a glowing drain.
  2526 | D:4      | Reached skill level 6 in Fighting
  2541 | Sewer    | Entered a sewer
  3046 | D:4      | Reached XP level 7. HP: 47/64 MP: 6/6
  3326 | D:5      | Entered Level 5 of the Dungeon
  3376 | D:5      | Found a snail-covered altar of Cheibriados.
  3393 | D:5      | Became a worshipper of Cheibriados the Contemplative
  3413 | D:5      | Found Omnixzoik's Book Emporium.
  3574 | D:5      | Reached skill level 7 in Fighting
  3619 | D:5      | Found an ancient bone altar of Kikubaaqudgha.
  3739 | D:5      | Noticed a human
  3740 | D:5      | Found a runed door.
  3753 | D:5      | Reached skill level 5 in Axes
  3754 | D:5      | Got a scorched war axe
  3755 | D:5      | Found a basalt altar of Yredelemnul.
  3759 | D:5      | Got an emerald-encrusted chain mail
  3777 | D:5      | Identified the +4 war axe of Pilid {drain, rN+} (You found it on level 5 of the Dungeon)
  3788 | D:5      | Identified the +3 chain mail "Muicw" {rF- rN++ Str+2 Dex+4} (You found it on level 5 of the Dungeon)
  3915 | D:6      | Reached XP level 8. HP: 67/74 MP: 7/7
  3922 | D:6      | Noticed Eustachio
  3936 | D:6      | Killed Eustachio
  3936 | D:6      | Reached skill level 8 in Fighting
  4026 | D:6      | Found a sacrificial altar of Ru.
  4034 | D:6      | Reached * piety under Cheibriados
  4269 | D:6      | Noticed Sigmund
  4276 | D:6      | Killed Sigmund
  4276 | D:6      | Reached skill level 9 in Fighting
  4611 | D:7      | Reached XP level 9. HP: 84/84 MP: 8/8
  4647 | D:7      | Found a staircase to the Ecumenical Temple.
  4813 | D:7      | Reached ** piety under Cheibriados
  4813 | D:7      | Reached skill level 1 in Spellcasting
  5547 | D:8      | Reached skill level 10 in Fighting
  5806 | D:9      | Reached *** piety under Cheibriados
  5981 | D:9      | Found a staircase to the Lair.
  5991 | D:9      | Reached XP level 10. HP: 94/94 MP: 13/13
  6021 | D:9      | Noticed an elephant
  6026 | D:9      | Killed an elephant
  6051 | D:9      | Found a bloodstained altar of Trog.
  6138 | D:9      | Found a glowing golden altar of the Shining One.
  6233 | D:9      | Reached skill level 11 in Fighting
  6236 | D:9      | Reached **** piety under Cheibriados
  6268 | D:9      | Noticed a three-headed hydra
  6278 | D:9      | Killed a nine-headed hydra
  6491 | D:10     | Entered Level 10 of the Dungeon
  6560 | D:10     | Noticed a gargoyle
  6567 | D:10     | Killed a gargoyle
  6688 | D:10     | Got a twitching granite ring
  6690 | D:10     | Identified the ring "Carucovvat" {MR+ Str+4} (You found it on level 10 of the Dungeon)
  7028 | D:10     | Gained mutation: You are dopey. (Int -2) [mutagenic meat]
  7029 | D:10     | Gained mutation: Your spells are a little harder to cast, but a little more powerful. [mutagenic meat]
  7030 | D:10     | Gained mutation: Potions and wands are less effective at restoring your health. [mutagenic meat]
  7031 | D:10     | Gained mutation: Your skin changes colour to match your surroundings (Stealth). [mutagenic meat]
  7362 | D:11     | Reached skill level 12 in Fighting
  7498 | D:11     | Reached ***** piety under Cheibriados
  7498 | D:11     | Reached XP level 11. HP: 104/104 MP: 16/16
  7583 | D:11     | Found a staircase to the Orcish Mines.
  7924 | D:11     | Killed an unseen horror
  8127 | D:12     | Noticed a hill giant
  8133 | D:12     | Killed a hill giant
  8172 | D:12     | Reached skill level 5 in Spellcasting
  8198 | D:12     | Noticed a brown ugly thing
  8206 | D:12     | Killed a brown ugly thing
  8213 | D:12     | Reached skill level 10 in Shields
  8228 | D:12     | Noticed a wizard
  8236 | D:12     | Killed a wizard
  8242 | D:12     | Reached skill level 13 in Fighting
  8244 | D:12     | Reached skill level 10 in Armour
  8363 | D:12     | Killed an unseen horror
  8936 | D:13     | Reached XP level 12. HP: 105/115 MP: 19/19
  9059 | D:13     | Noticed an eight-headed hydra
  9067 | D:13     | Killed a ten-headed hydra
  9422 | D:13     | Gained mutation: Armour fits poorly on your strangely shaped body. [mutagenic meat]
  9650 | D:13     | Reached ****** piety under Cheibriados
  9652 | D:13     | Reached skill level 10 in Axes
  9758 | D:14     | Reached skill level 14 in Fighting
  9879 | D:14     | Noticed a vault guard
  9883 | D:14     | Noticed a vault guard
  9885 | D:14     | Noticed a vault guard
 10038 | D:14     | Killed a vault guard
 10307 | D:14     | Noticed a tengu warrior
 10319 | D:14     | Killed a tengu warrior
 10409 | D:14     | Found Simit's Armour Shop.
 10419 | D:14     | Bought the +3 crown of Dyrovepreva {rElec Int+2 SInv} for 496 gold pieces
 10438 | D:14     | Killed a vault guard
 10460 | D:14     | Noticed a vault guard
 10469 | D:14     | Killed a vault guard
 10471 | D:14     | Found a gate to the Vaults.
 10578 | D:14     | Reached XP level 13. HP: 109/125 MP: 22/22
 10646 | D:14     | Gained mutation: You tend to lose your temper in combat. [mutagenic meat]
 10649 | D:14     | Gained mutation: You possess an exceptional clarity of mind. [mutagenic meat]
 10651 | D:14     | Lost mutation: Armour fits poorly on your strangely shaped body. [mutagenic meat]
 10652 | D:14     | Gained mutation: You are somewhat resistant to further mutation. [mutagenic meat]
 10898 | D:14     | Killed a vault guard
 11174 | D:14     | Reached skill level 15 in Fighting
 11179 | D:14     | Lost mutation: Your spells are a little harder to cast, but a little more powerful. [mutagenic meat]
 11451 | D:15     | Entered Level 15 of the Dungeon
 11525 | D:15     | Found a staircase to the Depths.
 11526 | D:15     | Noticed a fire giant
 11852 | D:15     | Killed from afar by a fire giant

Skill      XL: |  1  2  3  4  5  6  7  8  9 10 11 12 13 |
---------------+----------------------------------------+-----
Shields        | 4 5 6 7 8 9 10 11 12 | 12.1
Fighting       | 4 5 6 7 9 10 12 13 14 15 | 15.1
Armour         | 4 5 6 7 8 9 10 11 | 11.6
Axes           | 3 4 5 6 7 8 9 10 11 | 11.2
Spellcasting   | 2 4 5 7 |  7.7
Dodging        | |  0.2

Action                   |  1- 3 |  4- 6 |  7- 9 | 10-12 | 13-15 || total
-------------------------+-------+-------+-------+-------+-------++-------
Melee: War axe           |    92 |   137 |   202 |   382 |   101 ||   914
       Headbutt          |    17 |    20 |    47 |   137 |    41 ||   262
Invok: Slouch            |       |       |       |     2 |       ||     2
  Use: Scroll            |     3 |     6 |     7 |     7 |       ||    23
       Potion            |       |       |       |     5 |     1 ||     6
  Eat: Chunk             |     2 |     5 |    19 |    13 |    21 ||    60
       Beef jerky        |       |       |       |       |     1 ||     1
Armor: Scale mail        |    41 |    50 |       |       |       ||    91
       Chain mail        |       |     4 |    92 |   167 |    26 ||   289
       Plate armour      |       |       |     5 |       |       ||     5
Dodge: Dodged            |    27 |    34 |    51 |    94 |    13 ||   219
Block: Shield            |    61 |   112 |   198 |   403 |    75 ||   849
       Reflection        |     3 |     4 |    10 |    14 |     5 ||    36
